 Dungeon Sprint DCSS version 0.25.0-26-g0c896c7088 (webtiles) character file.

Game seed: 5692454461632592270

158215812 MordorOrchid the Luminary of Lethal Lore (level 24, 204/204 HPs)
             Began as a Gnoll Ice Elementalist on June 28, 2020.
             Was the Champion of Vehumet.
             Escaped with the Orb
             ... and 17 runes on July 2, 2020!
             The game lasted 02:26:01 (11503 turns).

MordorOrchid the Luminary of Lethal Lore (GnIE)    Turns: 11503, Time: 02:26:02

Health: 204/204    AC: 51    Str: 14    XL:     24   Next: 31%
Magic:  41/54      EV: 16    Int: 26    God:    Vehumet [******]
Gold:   4          SH: 12    Dex: 12    Spells: 3/77 levels left

rFire    + + .     SeeInvis .   x - staff of energy
rCold    + + .     Gourm    .   l - +1 buckler {AC+3}
rNeg     . . .     Faith    .   P - +12 gold dragon scales
rPois    +         Spirit   .   V - +0 hat of Ireom {rElec rC+ MR+ Dex-4}
rElec    +         Reflect  .   o - +2 cloak
rCorr    .         Harm     .   W - +0 pair of gloves of Parlour Games {rF+}
MR       ++...     NoTele   +   q - +1 pair of boots
Stlth    +.........             S - amulet of regeneration
HPRegen  0.84/turn              T - ring of wizardry
MPRegen  0.34/turn              U - +4 ring of evasion

@: no status effects
A: distributed training, fangs 1, frail 1, strong nose
0: Orb of Zot
}: 17/17 runes: decaying, serpentine, barnacled, slimy, elven, silver, golden,
iron, obsidian, icy, bone, abyssal, glowing, magical, fiery, dark, gossamer
a: Renounce Religion


You escaped.
You worshipped Vehumet.
Vehumet was exalted by your worship.
You were very hungry.

You visited 1 branch You collected 1964 gold pieces.
You spent 1960 gold pieces at shops.

Inventory:

Hand Weapons
 a - a +9 vampiric demon blade
 m - a +2 rapier of distortion
 y - a +6 dagger of venom
 A - a +7 demon blade of venom
 K - the +7 sceptre of Asmodeus
   (You took it off Asmodeus in the Dungeon)
 L - the +4 staff of Dispater
   (You took it off Dispater in the Dungeon)
 O - a +3 trishula of holy wrath
Missiles
 b - 51 silver javelins
 B - 2 throwing nets
 E - 17 javelins
 F - 15 boomerangs (quivered)
 Q - 135 bolts
Armour
 j - a +0 pair of gloves of dexterity
 l - a +1 buckler of protection (worn)
 n - +4 fire dragon scales {Xtahua}
 o - a +2 cloak (worn)
 q - a +1 pair of boots (worn)
 r - the +5 robe of Night {Dark MR+ SInv}
   (You found it in the Dungeon)

   It affects your resistance to hostile enchantments.
   It lets you see invisible.
 M - the +2 swamp dragon scales of the Onion {rPois Dex+4}
   (You found it in the Dungeon)

   It affects your dexterity (+4).
   It protects you from poison.
 N - the +8 plate armour of Space {rC+ MR+ rCorr}
   (You found it in the Dungeon)

   It protects you from cold.
   It affects your resistance to hostile enchantments.
   It provides partial protection from all sources of acid and corrosion.
 P - +12 gold dragon scales (worn)
 R - a +3 tower shield of cold resistance
 V - the +0 hat of Ireom (worn) {rElec rC+ MR+ Dex-4}
   (You found it in the Dungeon)

   It affects your dexterity (-4).
   It protects you from cold.
   It insulates you from electricity.
   It affects your resistance to hostile enchantments.
 W - the +0 pair of gloves of Parlour Games (worn) {rF+}
   (You found it in the Dungeon)

   It protects you from fire.
 Z - a +3 scale mail of magic resistance
Magical Staves
 x - an uncursed staff of energy (weapon)
 z - an uncursed staff of wizardry
Jewellery
 C - the ring of Zeratt {*Corrode rPois rC+ Dex+5 SInv}
   (You found it in the Dungeon)

   [ring of protection from cold]

   It affects your dexterity (+5).
   It protects you from cold.
   It protects you from poison.
   It lets you see invisible.
   It may corrode you when you take damage.
 I - the ring of Cobaxyhy {*Corrode +Blink rF+++ Slay+3 Stlth-}
   (You found it in the Dungeon)

   [ring of slaying]

   It affects your accuracy and damage with ranged weapons and melee attacks
   (+3).
   It renders you almost immune to fire.
   It lets you blink.
   It may corrode you when you take damage.
   It makes you less stealthy.
 J - the ring "Muss" {rF+ rN+ MR+ Int+4}
   (You found it in the Dungeon)

   [ring of protection from magic]

   It affects your intelligence (+4).
   It protects you from fire.
   It protects you from negative energy.
   It affects your resistance to hostile enchantments.
 S - an amulet of regeneration (around neck)
 T - a ring of wizardry (left hand)
 U - a +4 ring of evasion (right hand)
 X - the amulet "Ypui" {Faith rC++}
   (You found it in the Dungeon)

   [amulet of faith]

   It allows you to gain divine favour quickly.
   It greatly protects you from cold.
Wands
 k - a wand of acid (8)
Scrolls
 f - 7 scrolls of remove curse
 h - a scroll of fear
 i - 3 scrolls of blinking
 H - 6 scrolls of fog
Potions
 d - 7 potions of curing
 e - 12 potions of heal wounds
 g - 9 potions of magic
 p - a potion of mutation
 t - a potion of flight
 u - 3 potions of stabbing
 v - 5 potions of might
 w - 10 potions of haste
 D - a potion of lignification
Miscellaneous
 s - the horn of Geryon
Comestibles
 c - 14 rations


   Skills:
 O Level 27 Fighting
 O Level 27 Short Blades
 O Level 27 Long Blades
 O Level 27 Axes
 O Level 27 Maces & Flails
 O Level 27 Polearms
 O Level 27 Staves
 O Level 27 Slings
 O Level 27 Bows
 O Level 27 Crossbows
 O Level 27 Throwing
 O Level 27 Armour
 O Level 27 Dodging
 O Level 27 Stealth
 O Level 27 Shields
 O Level 27 Unarmed Combat
 O Level 27 Spellcasting
 O Level 27 Conjurations
 O Level 27 Hexes
 O Level 27 Charms
 O Level 27 Summonings
 O Level 27 Necromancy
 O Level 27 Translocations
 O Level 27 Transmutations
 O Level 27 Fire Magic
 O Level 27 Ice Magic
 O Level 27 Air Magic
 O Level 27 Earth Magic
 O Level 27 Poison Magic
 O Level 27 Invocations
 O Level 27 Evocations


You had 3 spell levels left.
You knew the following spells:

 Your Spells              Type           Power        Failure   Level  Hunger
a - Freeze                Ice            ####         0%          1    None
b - Frozen Ramparts       Ice            ######       0%          3    None
c - Conjure Flame         Conj/Fire      ########     0%          3    None
g - Mephitic Cloud        Conj/Pois/Air  ########     0%          3    None
h - Lightning Bolt        Conj/Air       ########..   0%          5    None
l - Freezing Cloud        Conj/Ice/Air   ########..   1%          6    None
r - Hailstorm             Conj/Ice       ########     0%          4    None
s - Summon Ice Beast      Ice/Summ       ########     0%          4    None
x - Blink                 Tloc           N/A          0%          2    None
E - Borgnjor's Vile Clut  Necr/Erth      ########..   0%          5    None
F - Fire Storm            Conj/Fire      ########..   3%          9    None
L - Absolute Zero         Ice            ########..   3%          9    None
R - Irradiate             Conj/Tmut      ########..   0%          5    None
S - Shadow Creatures      Summ           N/A          1%          6    None
T - Tornado               Air            ########..   3%          9    None

Your spell library contained the following spells:

 Spells                   Type           Power        Failure   Level  Hunger
 Magic Dart               Conj           ####         0%          1    None
 Call Imp                 Summ           ########     0%          2    None
 Ensorcelled Hibernation  Hex/Ice        ######       0%          2    None
 Slow                     Hex            ########     0%          2    None
 Ozocubu's Armour         Chrm/Ice       ########     0%          3    None
 Ice Form                 Ice/Tmut       ########     0%          4    None
 Olgreb's Toxic Radiance  Pois           ########     0%          4    None
 Metabolic Englaciation   Hex/Ice        ########..   0%          5    None
 Silence                  Hex/Air        ########..   0%          5    None
 Darkness                 Hex            ########..   1%          6    None
 Eringya's Noxious Bog    Tmut/Pois      ########..   1%          6    None
 Ozocubu's Refrigeration  Ice            ########..   1%          6    None
 Simulacrum               Ice/Necr       ########..   1%          6    None


Dungeon Overview and Level Annotations

Branches:
Dungeon (1/1)

Altars:
Cheibriados
Dithmenos
Elyvilon
Fedhas
Gozag
Hepliaklqana
Kikubaaqudgha
Makhleb
Nemelex Xobeh
Okawaru
Qazlal
Ru
Sif Muna
Trog
Uskayaw
Vehumet
Wu Jian
Xom
Yredelemnul
Zin
The Shining One
Beogh
Jiyva
Lugonu

Shops:
D }(%:


Innate Abilities, Weirdness & Mutations

Your experience applies equally to all skills.
You have very sharp teeth.
Your uncanny sense of smell can sniff out nearby items.
You are frail. (-10% HP)


Message History

Casting: Blink (safe; 0% risk of failure)
Confirm with . or Enter, or press ? or * to list all spells.
You chill the efreet to absolute zero!
The efreet is frozen into a solid block of ice!
You kill the efreet!
Vehumet accepts your kill.
Unknown command.
There is an open door here.
You close the door.
Casting: Absolute Zero (dangerous; 3% risk of failure)
Confirm with . or Enter, or press ? or * to list all spells.
You blink.
F - 15 boomerangs (gained 2)
You see here a +0 short sword.
The efreet shaped block of ice melts away.
There is an open door to the Dungeon here.
There is a staircase leading out of the dungeon here.
You can't go down here!
Unknown command.
You have escaped!

▓▓▓▓▓▓▓▓▓▓▓▓▓▓▓▓▓▓
...▓...▓...▓...▓@▓
.▓.▓.▓.▓.▓.▓.▓.▓.▓
.▓.▓.▓.▓.▓.▓)▓.▓.▓
.▓.▓.▓.▓.▓.▓.▓.▓.▓
.▓.▓.▓.▓.▓.▓.▓.▓'▓
.▓.▓.▓.▓.▓.▓.▓.▓)▓
.▓.▓.▓.▓.▓.▓)▓.▓.▓
.▓.▓.▓.▓.▓.▓'▓.▓.▓
.▓.▓.▓.▓.▓.▓.▓.▓)▓


There were no monsters in sight!

Vanquished Creatures
  Cerebov (D)
  Antaeus (D)
  the Royal Jelly (D)
  Asmodeus (D)
  Ereshkigal (D)
  A pandemonium lord (D)
  Gloorx Vloq (D)
  A seraph (D)
  Mnoleg (D)
  Lom Lobon (D)
  Dispater (D)
  Mennas (D)
  Mara (D)
  3 orbs of fire (D)
  7 ancient liches (D)
  Sojobo (D)
  5 greater mummies (D)
  Boris (twice) (D)
  Margery (D)
  Xtahua (D)
  2 golden dragons (D)
  Geryon (D)
  Nikola (D)
  Jory (D)
  A Brimstone Fiend (D)
  2 Tzitzimimeh (D)
  6 electric golems (D)
  An Ice Fiend (D)
  2 liches (D)
  3 tentacled monstrosities (D)
  31 Orb Guardians (D)
  4 deep elf master archers (D)
  13 sphinxes (D)
  3 Executioners (D)
  Frances (D)
  A deep elf blademaster (D)
  6 acid blobs (D)
  2 tengu reavers (D)
  A thorn hunter (D)
  4 death cobs (D)
  Donald (D)
  5 nagarajas (D)
  3 frost giants (D)
  4 storm dragons (D)
  11 azure jellies (D)
  2 fire giants (D)
  6 shadow dragons (D)
  7 ghost moths (D)
  Ilsuiw (D)
  A deep elf sorcerer (D)
  A vault warden (D)
  3 emperor scorpions (D)
  A draconian knight (D)
  Louise (D)
  3 cacodemons (D)
  2 draconian stormcallers (D)
  An angel (D)
  A balrug (D)
  A draconian annihilator (D)
  3 ironheart preservers (D)
  3 stone giants (D)
  10 vampire knights (D)
  3 entropy weavers (D)
  8 very ugly things (D)
  2 deep elf demonologists (D)
  2 black draconians (D)
  4 purple draconians (D)
  2 green draconians (D)
  5 red draconians (D)
  Nessos (D)
  4 white draconians (D)
  A spark wasp (D)
  2 yellow draconians (D)
  A spark wasp (shapeshifter) (D)
  2 deep elf annihilators (D)
  A blizzard demon (D)
  3 fire dragons (D)
  6 mummy priests (D)
  An ettin (D)
  2 deep elf death magi (D)
  4 merfolk javelineers (D)
  10 death oozes (D)
  3 yaktaur captains (D)
  2 deep elf high priests (D)
  2 merfolk impalers (D)
  An ogre mage (D)
  3 ice dragons (D)
  3 great orbs of eyes (D)
  25 vault guards (D)
  7 hydras (D)
  Harold (D)
  A monstrous demonspawn (D)
  A hell beast (D)
  Erolcha (D)
  An alligator snapping turtle (D)
  2 naga warriors (D)
  2 alligators (D)
  2 death knights (D)
  2 centaur warriors (D)
  Erica (D)
  A queen ant (shapeshifter) (D)
  2 merfolk aquamancers (D)
  A two-headed ogre (D)
  A thrashing horror (D)
  A deep troll earth mage (D)
  6 orc high priests (D)
  2 shock serpents (D)
  2 spriggan berserkers (D)
  2 sun demons (D)
  A wretched star (D)
  Nergalle (D)
  3 sixfirhies (D)
  A shadow wraith (D)
  2 deep elf knights (D)
  4 hell knights (D)
  4 small abominations (D)
  A torturous demonspawn (D)
  A cherub (D)
  An infernal demonspawn (D)
  2 flayed ghosts (D)
  A gelid demonspawn (D)
  A shadow demon (D)
  4 swamp dragons (D)
  A deep elf archer (D)
  2 necromancers (D)
  4 ironbrand convokers (D)
  3 orc knights (D)
  An orc sorcerer (D)
  2 harpies (D)
  A mana viper (shapeshifter) (D)
  2 wolf spiders (D)
  A deep elf mage (D)
  3 manticores (D)
  A cyclops (D)
  A manticore (shapeshifter) (D)
  An orb spider (shapeshifter) (D)
  4 ugly things (D)
  15 moths of wrath (D)
  An elephant (D)
  A guardian serpent (shapeshifter) (D)
  3 black mambas (D)
  4 guardian serpents (D)
  2 merfolk sirens (D)
  2 vault sentinels (D)
  2 orange demons (D)
  2 naga magi (D)
  Psyche (D)
  A smoke demon (D)
  3 hellions (D)
  5 spiny frogs (D)
  A freezing wraith (D)
  A komodo dragon (D)
  2 ice devils (D)
  2 yaktaurs (D)
  3 efreet (D)
  2 hellwings (D)
  A wandering mushroom (D)
  3 demonic crawlers (D)
  17 guardian mummies (D)
  2 jumping spiders (D)
  6 merfolk (D)
  A polar bear (shapeshifter) (D)
  2 red devils (D)
  A jumping spider (shapeshifter) (D)
  A blink frog (D)
  A slime creature (D)
  11 spriggans (D)
  3 redbacks (D)
  A shadow (D)
  A water elemental (D)
  A tarantella (D)
  Eustachio (D)
  3 golden eyes (D)
  A yak (shapeshifter) (D)
  A neqoxec (D)
  A vampire mosquito (D)
  A chaos spawn (D)
  4 nagas (D)
  3 acid dragons (D)
  2 wargs (D)
  A hell hound (D)
  A soldier ant (D)
  4 floating eyes (D)
  2 porcupines (D)
  7 orc warriors (D)
  3 swamp drakes (D)
  3 crocodiles (D)
  5 wolves (D)
  4 bullfrogs (D)
  A crimson imp (D)
  A jelly (D)
  A hound (D)
  9 orc priests (D)
  An iron imp (D)
  2 orc wizards (D)
  3 worker ants (D)
  2 shadow imps (D)
  An ooze (D)
  A dart slug (D)
  12 orcs (D)
  A goblin (D)
  A hobgoblin (D)
  A jackal (D)
  A bat (D)
  A leopard gecko simulacrum (D)
  A rat (D)
  42 blocks of ice (D)
  A fire vortex (D)
621 creatures vanquished.

Vanquished Creatures (collateral kills)
  A sphinx (D)
  Gastronok (D)
  A death ooze (D)
  A shock serpent (D)
  A warg (D)
  A water moccasin (D)
  An orc warrior (D)
  An ogre (D)
  A bullfrog (D)
  A crawling corpse (D)
10 creatures vanquished.

Vanquished Creatures (others)
  A death cob (D)
  A spatial maelstrom (D)
  A swamp drake (D)
  38 blocks of ice (D)
  A briar patch (D)
  34 fire vortices (D)
76 creatures vanquished.

Grand Total: 707 creatures vanquished

Notes
Turn   | Place    | Note
-------+----------+-------------------------------------------
     0 | D        | MordorOrchid the Gnoll Ice Elementalist began the quest for
                  | the Orb.
     0 | D        | Reached XP level 1. HP: 13/13 MP: 6/6
     7 | D        | Banished a spatial maelstrom
    12 | D        | Reached skill level 5 in Spellcasting
    14 | D        | Reached skill level 1 in Invocations
    19 | D        | Reached skill level 1 in Fighting
    19 | D        | Reached skill level 1 in Short Blades
    19 | D        | Reached skill level 1 in Long Blades
    19 | D        | Reached skill level 1 in Axes
    19 | D        | Reached skill level 1 in Maces & Flails
    19 | D        | Reached skill level 1 in Polearms
    19 | D        | Reached skill level 1 in Staves
    19 | D        | Reached skill level 1 in Slings
    19 | D        | Reached skill level 1 in Bows
    19 | D        | Reached skill level 1 in Crossbows
    19 | D        | Reached skill level 1 in Throwing
    19 | D        | Reached skill level 1 in Armour
    19 | D        | Reached skill level 1 in Shields
    19 | D        | Reached skill level 1 in Unarmed Combat
    19 | D        | Reached skill level 1 in Evocations
    19 | D        | Reached XP level 2. HP: 19/21 MP: 0/8
   100 | D        | Reached skill level 1 in Conjurations
   100 | D        | Reached skill level 1 in Hexes
   100 | D        | Reached skill level 1 in Charms
   100 | D        | Reached skill level 1 in Summonings
   100 | D        | Reached skill level 1 in Necromancy
   100 | D        | Reached skill level 1 in Translocations
   100 | D        | Reached skill level 1 in Transmutations
   100 | D        | Reached skill level 1 in Fire Magic
   100 | D        | Reached skill level 1 in Air Magic
   100 | D        | Reached skill level 1 in Earth Magic
   100 | D        | Reached skill level 1 in Poison Magic
   103 | D        | Reached skill level 5 in Dodging
   103 | D        | Reached XP level 3. HP: 15/27 MP: 2/9
   116 | D        | Learned a level 3 spell: Frozen Ramparts
   350 | D        | Reached XP level 4. HP: 34/34 MP: 6/11
   352 | D        | Reached skill level 5 in Stealth
   366 | D        | Found a roughly hewn altar of Beogh.
   366 | D        | Found a snail-covered altar of Cheibriados.
   366 | D        | Found a shadowy altar of Dithmenos.
   366 | D        | Found a white marble altar of Elyvilon.
   366 | D        | Found a blossoming altar of Fedhas.
   366 | D        | Found an opulent altar of Gozag.
   367 | D        | Found a hazy altar of Hepliaklqana.
   368 | D        | Found a viscous altar of Jiyva.
   369 | D        | Found an ancient bone altar of Kikubaaqudgha.
   370 | D        | Found a corrupted altar of Lugonu.
   371 | D        | Found a burning altar of Makhleb.
   372 | D        | Found a sparkling altar of Nemelex Xobeh.
   373 | D        | Found an iron altar of Okawaru.
   374 | D        | Found a stormy altar of Qazlal.
   375 | D        | Found a sacrificial altar of Ru.
   376 | D        | Found a shimmering blue altar of Sif Muna.
   377 | D        | Found a bloodstained altar of Trog.
   378 | D        | Found a hide-covered altar of Uskayaw.
   379 | D        | Found a radiant altar of Vehumet.
   380 | D        | Found an ornate altar of the Wu Jian Council.
   381 | D        | Found a shimmering altar of Xom.
   382 | D        | Found a basalt altar of Yredelemnul.
   383 | D        | Found a glowing silver altar of Zin.
   384 | D        | Found a glowing golden altar of the Shining One.
   387 | D        | Became a worshipper of Vehumet
   430 | D        | Learned a level 3 spell: Ozocubu's Armour
   435 | D        | Learned a level 4 spell: Summon Ice Beast
   439 | D        | Noticed a soldier ant
   439 | D        | Noticed a two-headed ogre
   444 | D        | Killed a soldier ant
   444 | D        | Reached XP level 5. HP: 42/42 MP: 5/13
   454 | D        | Reached * piety under Vehumet
   454 | D        | Offered knowledge of Sandblast by Vehumet.
   455 | D        | Killed a two-headed ogre
   455 | D        | Reached skill level 5 in Fighting
   455 | D        | Reached skill level 5 in Short Blades
   455 | D        | Reached skill level 5 in Long Blades
   455 | D        | Reached skill level 5 in Axes
   455 | D        | Reached skill level 5 in Maces & Flails
   455 | D        | Reached skill level 5 in Polearms
   455 | D        | Reached skill level 5 in Staves
   455 | D        | Reached skill level 5 in Slings
   455 | D        | Reached skill level 5 in Bows
   455 | D        | Reached skill level 5 in Crossbows
   455 | D        | Reached skill level 5 in Throwing
   455 | D        | Reached skill level 5 in Armour
   455 | D        | Reached skill level 5 in Shields
   455 | D        | Reached skill level 5 in Unarmed Combat
   455 | D        | Reached skill level 5 in Evocations
   455 | D        | Reached XP level 6. HP: 13/52 MP: 6/16
   455 | D        | Reached XP level 7. HP: 15/57 MP: 6/18
   462 | D        | Learned a level 4 spell: Hailstorm
   500 | D        | Reached ** piety under Vehumet
   676 | D        | Upgraded the game from 0.25.0-15-gac7dcb8919 to
                  | 0.25.0-26-g0c896c7088
   678 | D        | Noticed a centaur warrior
   678 | D        | Noticed a deep elf mage
   678 | D        | Noticed a cyan ugly thing
   685 | D        | Killed a centaur warrior
   685 | D        | Offered knowledge of Shock by Vehumet.
   685 | D        | Reached skill level 5 in Conjurations
   685 | D        | Reached skill level 5 in Hexes
   685 | D        | Reached skill level 5 in Charms
   685 | D        | Reached skill level 5 in Summonings
   685 | D        | Reached skill level 5 in Necromancy
   685 | D        | Reached skill level 5 in Translocations
   685 | D        | Reached skill level 5 in Transmutations
   685 | D        | Reached skill level 5 in Fire Magic
   685 | D        | Reached skill level 5 in Air Magic
   685 | D        | Reached skill level 5 in Earth Magic
   685 | D        | Reached skill level 5 in Poison Magic
   685 | D        | Reached XP level 8. HP: 27/65 MP: 13/20
   689 | D        | Killed a deep elf mage
   689 | D        | Reached XP level 9. HP: 31/72 MP: 5/21
   691 | D        | Reached *** piety under Vehumet
   702 | D        | Killed a cyan ugly thing
   874 | D        | Noticed a spiny frog
   874 | D        | Noticed a spiny frog
   874 | D        | Noticed a seven-headed hydra
   876 | D        | Offered knowledge of Conjure Flame by Vehumet.
   877 | D        | Killed a spiny frog
   877 | D        | Reached **** piety under Vehumet
   882 | D        | Killed a seven-headed hydra
   882 | D        | Reached XP level 10. HP: 80/80 MP: 9/23
   888 | D        | Killed a spiny frog
   888 | D        | Reached ***** piety under Vehumet
   888 | D        | Reached skill level 10 in Ice Magic
   907 | D        | Learned a level 3 spell: Conjure Flame
   929 | D        | Noticed a black mamba
   929 | D        | Noticed a spiny frog
   929 | D        | Noticed an elephant
   931 | D        | Offered knowledge of Sticky Flame by Vehumet.
   933 | D        | Killed a black mamba
   933 | D        | Reached skill level 10 in Spellcasting
   933 | D        | Killed a spiny frog
   944 | D        | Reached skill level 10 in Dodging
   946 | D        | Reached ****** piety under Vehumet
   947 | D        | Killed an elephant
   977 | D        | Reached skill level 10 in Stealth
   982 | D        | Reached skill level 10 in Invocations
  1059 | D        | Noticed Gastronok
  1076 | D        | Noticed Harold
  1089 | D        | Killed Gastronok
  1089 | D        | Offered knowledge of Fireball by Vehumet.
  1089 | D        | Reached XP level 11. HP: 69/89 MP: 2/25
  1101 | D        | Killed Harold
  1145 | D        | Learned a level 5 spell: Fireball
  1160 | D        | Noticed Erolcha
  1164 | D        | Killed Erolcha
  1164 | D        | Offered knowledge of Lightning Bolt by Vehumet.
  1164 | D        | Reached skill level 10 in Fighting
  1164 | D        | Reached skill level 10 in Short Blades
  1164 | D        | Reached skill level 10 in Long Blades
  1164 | D        | Reached skill level 10 in Axes
  1164 | D        | Reached skill level 10 in Maces & Flails
  1164 | D        | Reached skill level 10 in Polearms
  1164 | D        | Reached skill level 10 in Staves
  1164 | D        | Reached skill level 10 in Slings
  1164 | D        | Reached skill level 10 in Bows
  1164 | D        | Reached skill level 10 in Crossbows
  1164 | D        | Reached skill level 10 in Throwing
  1164 | D        | Reached skill level 10 in Armour
  1164 | D        | Reached skill level 10 in Shields
  1164 | D        | Reached skill level 10 in Unarmed Combat
  1164 | D        | Reached skill level 10 in Evocations
  1210 | D        | Noticed Eustachio
  1211 | D        | Noticed Erica
  1216 | D        | Killed Eustachio
  1218 | D        | Killed Erica
  1268 | D        | Learned a level 5 spell: Lightning Bolt
  1288 | D        | Noticed an orc knight
  1291 | D        | Offered knowledge of Irradiate by Vehumet.
  1305 | D        | Killed an orc knight
  1370 | D        | Noticed an orc knight
  1370 | D        | Noticed an orc sorcerer
  1374 | D        | Killed an orc knight
  1374 | D        | Killed an orc sorcerer
  1453 | D        | Learned a level 5 spell: Irradiate
  1458 | D        | Found Xuxeav's Gadget Emporium.
  1458 | D        | Noticed an orc high priest
  1458 | D        | Noticed an orc high priest
  1458 | D        | Noticed an orc high priest
  1459 | D        | Noticed an orc high priest
  1460 | D        | Killed an orc high priest
  1460 | D        | Offered knowledge of Bolt of Magma by Vehumet.
  1462 | D        | Killed an orc high priest
  1463 | D        | Killed an orc high priest
  1463 | D        | Reached XP level 12. HP: 99/99 MP: 10/27
  1463 | D        | Killed an orc high priest
  1488 | D        | Found Zazua's Antique Weapon Shoppe.
  1489 | D        | Noticed an orc high priest
  1494 | D        | Killed an orc high priest
  1494 | D        | Noticed an orc high priest
  1496 | D        | Found Seyrr's Food Emporium.
  1502 | D        | Killed an orc high priest
  1545 | D        | Found Fecoqaesh's Book Shoppe.
  1562 | D        | Bought a book of Minor Magic for 220 gold pieces
  1562 | D        | Bought a book of Ice for 715 gold pieces
  1562 | D        | Bought a book of Dreams for 825 gold pieces
  1564 | D        | Bought a ration for 50 gold pieces
  1564 | D        | Bought a ration for 50 gold pieces
  1634 | D        | Noticed Psyche
  1640 | D        | Killed Psyche
  1689 | D        | Got the cursed +1 whip of Yredelemnul's Anger {vorpal, rC+
                  | Dex+4 Stlth+}
  1709 | D        | Got the +8 plate armour of Space {rC+ MR+ rCorr}
  1763 | D        | Offered knowledge of Yara's Violent Unravelling by Vehumet.
  1766 | D        | Noticed a fire giant
  1771 | D        | Noticed a red very ugly thing
  1851 | D        | Killed a fire giant
  1861 | D        | Killed a red very ugly thing
  1861 | D        | Reached skill level 10 in Conjurations
  1861 | D        | Reached skill level 10 in Hexes
  1861 | D        | Reached skill level 10 in Charms
  1861 | D        | Reached skill level 10 in Summonings
  1861 | D        | Reached skill level 10 in Necromancy
  1861 | D        | Reached skill level 10 in Translocations
  1861 | D        | Reached skill level 10 in Transmutations
  1861 | D        | Reached skill level 10 in Fire Magic
  1861 | D        | Reached skill level 10 in Air Magic
  1861 | D        | Reached skill level 10 in Earth Magic
  1861 | D        | Reached skill level 10 in Poison Magic
  1933 | D        | Noticed a white very ugly thing
  1933 | D        | Noticed a green very ugly thing
  1951 | D        | Killed a brown very ugly thing
  1974 | D        | Killed a brown very ugly thing
  1974 | D        | Offered knowledge of Starburst by Vehumet.
  2025 | D        | Noticed a queen ant
  2038 | D        | Killed a queen ant
  2152 | D        | Reached XP level 13. HP: 105/108 MP: 6/29
  2153 | D        | Noticed an ettin
  2164 | D        | Killed an ettin
  2279 | D        | Learned a level 5 spell: Borgnjor's Vile Clutch
  2289 | D        | Noticed a thorn hunter
  2301 | D        | Offered knowledge of Iron Shot by Vehumet.
  2307 | D        | Killed a thorn hunter
  2574 | D        | Offered knowledge of Ignition by Vehumet.
  2621 | D        | Noticed a nagaraja
  2637 | D        | Killed a nagaraja
  2926 | D        | Offered knowledge of Fire Storm by Vehumet.
  2926 | D        | Offered knowledge of Tornado by Vehumet.
  2926 | D        | Offered knowledge of Absolute Zero by Vehumet.
  2926 | D        | Noticed an entropy weaver
  2933 | D        | Killed an entropy weaver
  3036 | D        | Noticed a merfolk javelineer
  3039 | D        | Killed a merfolk javelineer
  3119 | D        | Noticed Frances
  3131 | D        | Killed Frances
  3131 | D        | Reached XP level 14. HP: 50/118 MP: 30/32
  3371 | D        | Learned a level 6 spell: Freezing Cloud
  3376 | D        | Noticed a vampire knight
  3376 | D        | Noticed a brown very ugly thing
  3376 | D        | Noticed a purple very ugly thing
  3376 | D        | Noticed a frost giant
  3380 | D        | Killed a brown very ugly thing
  3380 | D        | Killed a purple very ugly thing
  3381 | D        | Killed a vampire knight
  3381 | D        | Reached skill level 15 in Invocations
  3385 | D        | Killed a frost giant
  3510 | D        | Noticed a green very ugly thing
  3514 | D        | Reached skill level 15 in Spellcasting
  3524 | D        | Killed a green very ugly thing
  3524 | D        | Reached skill level 15 in Dodging
  3581 | D        | Learned a level 3 spell: Mephitic Cloud
  3592 | D        | Reached skill level 15 in Stealth
  3605 | D        | Noticed a frost giant
  3615 | D        | Killed a frost giant
  3655 | D        | Noticed an entropy weaver
  3660 | D        | Killed an entropy weaver
  3660 | D        | Reached skill level 15 in Fighting
  3660 | D        | Reached skill level 15 in Short Blades
  3660 | D        | Reached skill level 15 in Long Blades
  3660 | D        | Reached skill level 15 in Axes
  3660 | D        | Reached skill level 15 in Maces & Flails
  3660 | D        | Reached skill level 15 in Polearms
  3660 | D        | Reached skill level 15 in Staves
  3660 | D        | Reached skill level 15 in Slings
  3660 | D        | Reached skill level 15 in Bows
  3660 | D        | Reached skill level 15 in Crossbows
  3660 | D        | Reached skill level 15 in Throwing
  3660 | D        | Reached skill level 15 in Armour
  3660 | D        | Reached skill level 15 in Shields
  3660 | D        | Reached skill level 15 in Unarmed Combat
  3660 | D        | Reached skill level 15 in Evocations
  3661 | D        | Noticed a stone giant
  3694 | D        | Killed a stone giant
  3694 | D        | Reached XP level 15. HP: 116/129 MP: 8/34
  3830 | D        | Noticed Nergalle
  3834 | D        | Killed Nergalle
  3865 | D        | Noticed Louise
  3874 | D        | Killed Louise
  3903 | D        | Noticed Jory
  3933 | D        | Killed Jory
  4016 | D        | Got the +0 hat of Ireom {rElec rC+ MR+ Dex-4}
  4018 | D        | Got the +0 pair of gloves of Parlour Games {rF+}
  4109 | D        | Noticed a tengu reaver
  4123 | D        | Killed a tengu reaver
  4124 | D        | Noticed Sojobo
  4134 | D        | Killed Sojobo
  4175 | D        | Noticed a tengu reaver
  4183 | D        | Killed a tengu reaver
  4183 | D        | Reached skill level 15 in Ice Magic
  4219 | D        | Noticed Boris
  4248 | D        | HP: 4/130 [Boris/bolt of cold (21)]
  4253 | D        | Killed Boris
  4443 | D        | Noticed an emperor scorpion
  4443 | D        | Noticed a ghost moth
  4443 | D        | Noticed an emperor scorpion
  4450 | D        | Killed a ghost moth
  4464 | D        | Killed an emperor scorpion
  4473 | D        | Killed an emperor scorpion
  4597 | D        | Noticed an emperor scorpion
  4612 | D        | Killed an emperor scorpion
  4623 | D        | Noticed a ghost moth
  4625 | D        | Noticed a ghost moth
  4632 | D        | Killed a ghost moth
  4641 | D        | Killed a ghost moth
  4651 | D        | Got a gossamer rune of Zot
  4670 | D        | Noticed a nagaraja
  4670 | D        | Noticed a nagaraja
  4675 | D        | Noticed a nagaraja
  4675 | D        | Killed a nagaraja
  4675 | D        | Reached XP level 16. HP: 138/139 MP: 25/37
  4675 | D        | Killed a nagaraja
  4676 | D        | Noticed a nagaraja
  4679 | D        | Killed a nagaraja
  4681 | D        | Killed a nagaraja
  4709 | D        | Got a serpentine rune of Zot
  4838 | D        | Got a decaying rune of Zot
  4848 | D        | Noticed Ilsuiw
  4870 | D        | Killed Ilsuiw
  4870 | D        | Reached skill level 15 in Conjurations
  4870 | D        | Reached skill level 15 in Hexes
  4870 | D        | Reached skill level 15 in Charms
  4870 | D        | Reached skill level 15 in Summonings
  4870 | D        | Reached skill level 15 in Necromancy
  4870 | D        | Reached skill level 15 in Translocations
  4870 | D        | Reached skill level 15 in Transmutations
  4870 | D        | Reached skill level 15 in Fire Magic
  4870 | D        | Reached skill level 15 in Air Magic
  4870 | D        | Reached skill level 15 in Earth Magic
  4870 | D        | Reached skill level 15 in Poison Magic
  4927 | D        | Got a barnacled rune of Zot
  4951 | D        | Learned a level 9 spell: Absolute Zero
  4980 | D        | Noticed Nessos
  5002 | D        | Killed Nessos
  5256 | D        | Reached XP level 17. HP: 150/150 MP: 22/39
  5280 | D        | Noticed a sphinx
  5284 | D        | Killed a sphinx
  5419 | D        | Identified the Handbook of Poisoning and the Snowflakes
  5438 | D        | Noticed an ancient lich
  5439 | D        | Found the +5 robe of Night {Dark MR+ SInv}
  5439 | D        | Noticed an ancient lich
  5445 | D        | Noticed a sphinx
  5447 | D        | Killed an ancient lich
  5449 | D        | Killed a sphinx
  5450 | D        | Killed an ancient lich
  5557 | D        | Learned a level 2 spell: Blink
  5573 | D        | Got a silver rune of Zot
  5585 | D        | Identified the cursed +0 trident "Annesoum" {drain, Str+2}
                  | (You found it in the Dungeon)
  5668 | D        | Noticed Margery
  5677 | D        | Killed Margery
  5724 | D        | Noticed Mennas
  5740 | D        | Killed Mennas
  5740 | D        | Reached XP level 18. HP: 162/162 MP: 34/42
  5815 | D        | Got the ring of Cobaxyhy {*Corrode +Blink rF+++ Slay+3
                  | Stlth-}
  5819 | D        | Got the ring "Muss" {rF+ rN+ MR+ Int+4}
  5842 | D        | Got the ring of Zeratt {*Corrode rPois rC+ Dex+5 SInv}
  5846 | D        | Got the amulet "Ypui" {Faith rC++}
  5877 | D        | Got the +2 swamp dragon scales of the Onion {rPois Dex+4}
  5971 | D        | Noticed Xtahua
  5973 | D        | Killed Xtahua
  5981 | D        | Noticed Donald
  5992 | D        | Killed Donald
  6017 | D        | Noticed Nikola
  6020 | D        | Killed Nikola
  6020 | D        | Noticed Mara
  6022 | D        | Killed Mara
  6140 | D        | Noticed a golden dragon
  6151 | D        | Killed a golden dragon
  6223 | D        | Learned a level 9 spell: Fire Storm
  6254 | D        | Noticed a tentacled monstrosity
  6254 | D        | Noticed a tentacled monstrosity
  6261 | D        | Killed a tentacled monstrosity
  6262 | D        | Killed a tentacled monstrosity
  6262 | D        | Reached XP level 19. HP: 172/174 MP: 45/45
  6298 | D        | Noticed a golden dragon
  6298 | D        | Noticed an electric golem
  6302 | D        | Killed a golden dragon
  6304 | D        | Noticed an electric golem
  6306 | D        | Killed an electric golem
  6309 | D        | Killed an electric golem
  6348 | D        | Noticed a tentacled monstrosity
  6350 | D        | Killed a tentacled monstrosity
  6546 | D        | Noticed an ancient lich
  6550 | D        | Paralysed by an ancient lich for 7 turns
  6558 | D        | Killed an ancient lich
  6558 | D        | Reached XP level 20. HP: 135/186 MP: 42/47
  6577 | D        | Noticed an orb of fire
  6578 | D        | Killed an orb of fire
  6579 | D        | Noticed an electric golem
  6579 | D        | Killed an electric golem
  6628 | D        | Noticed an electric golem
  6628 | D        | Noticed an electric golem
  6632 | D        | Killed an electric golem
  6632 | D        | Noticed an ancient lich
  6693 | D        | Killed an ancient lich
  6730 | D        | Noticed an orb of fire
  6747 | D        | Killed an orb of fire
  6809 | D        | Killed an electric golem
  6816 | D        | Gained mutation: You are frail. (-10% HP) [mutagenic glow]
  6987 | D        | Noticed an ancient lich
  6989 | D        | Killed an ancient lich
  7007 | D        | Noticed an electric golem
  7008 | D        | Killed an electric golem
  7027 | D        | Noticed an orb of fire
  7029 | D        | Killed an orb of fire
  7067 | D        | Reached XP level 21. HP: 178/178 MP: 50/50
  7069 | D        | Reached skill level 27 in Invocations
  7178 | D        | Noticed an ancient lich
  7180 | D        | Noticed an ancient lich
  7182 | D        | Killed an ancient lich
  7184 | D        | Killed an ancient lich
  7479 | D        | Got an elven rune of Zot
  7518 | D        | Noticed the Royal Jelly
  7550 | D        | Killed the Royal Jelly
  7550 | D        | Reached skill level 27 in Dodging
  7550 | D        | Reached skill level 27 in Stealth
  7550 | D        | Reached skill level 27 in Spellcasting
  7618 | D        | Reached XP level 22. HP: 189/189 MP: 46/53
  7629 | D        | Got a slimy rune of Zot
  7727 | D        | Reached skill level 27 in Fighting
  7727 | D        | Reached skill level 27 in Short Blades
  7727 | D        | Reached skill level 27 in Long Blades
  7727 | D        | Reached skill level 27 in Axes
  7727 | D        | Reached skill level 27 in Maces & Flails
  7727 | D        | Reached skill level 27 in Polearms
  7727 | D        | Reached skill level 27 in Staves
  7727 | D        | Reached skill level 27 in Slings
  7727 | D        | Reached skill level 27 in Bows
  7727 | D        | Reached skill level 27 in Crossbows
  7727 | D        | Reached skill level 27 in Throwing
  7727 | D        | Reached skill level 27 in Armour
  7727 | D        | Reached skill level 27 in Shields
  7727 | D        | Reached skill level 27 in Unarmed Combat
  7727 | D        | Reached skill level 27 in Evocations
  8338 | D        | Noticed a greater mummy
  8338 | D        | Noticed a greater mummy
  8338 | D        | Noticed a greater mummy
  8338 | D        | Noticed a greater mummy
  8348 | D        | Killed a greater mummy
  8348 | D        | Killed a greater mummy
  8559 | D        | Killed a greater mummy
  8624 | D        | Killed a greater mummy
  8636 | D        | Noticed a greater mummy
  8638 | D        | Killed a greater mummy
  8983 | D        | Got a golden rune of Zot
  9025 | D        | Got an abyssal rune of Zot
  9149 | D        | Noticed Geryon
  9152 | D        | Killed Geryon
  9163 | D        | Learned a level 6 spell: Shadow Creatures
  9173 | D        | Learned a level 9 spell: Tornado
  9194 | D        | Noticed Lom Lobon
  9194 | D        | Noticed Mnoleg
  9194 | D        | Identified the +6 sword of Cerebov {flame}
  9194 | D        | Noticed Cerebov
  9195 | D        | Killed Lom Lobon
  9196 | D        | Killed Mnoleg
  9196 | D        | Reached skill level 27 in Ice Magic
  9198 | D        | Killed Cerebov
  9198 | D        | Reached skill level 27 in Conjurations
  9198 | D        | Reached skill level 27 in Hexes
  9198 | D        | Reached skill level 27 in Charms
  9198 | D        | Reached skill level 27 in Summonings
  9198 | D        | Reached skill level 27 in Necromancy
  9198 | D        | Reached skill level 27 in Translocations
  9198 | D        | Reached skill level 27 in Transmutations
  9198 | D        | Reached skill level 27 in Fire Magic
  9198 | D        | Reached skill level 27 in Air Magic
  9198 | D        | Reached skill level 27 in Earth Magic
  9198 | D        | Reached skill level 27 in Poison Magic
  9198 | D        | Reached XP level 23. HP: 197/197 MP: 45/54
  9198 | D        | Noticed Ereshkigal
  9199 | D        | Killed Ereshkigal
  9201 | D        | Got a magical rune of Zot
  9203 | D        | Identified the +4 staff of Dispater
  9203 | D        | Noticed Dispater
  9206 | D        | Killed Dispater
  9219 | D        | Identified the +7 sceptre of Asmodeus
  9219 | D        | Noticed Asmodeus
  9259 | D        | Killed Asmodeus
  9360 | D        | Noticed Gloorx Vloq
  9361 | D        | Killed Gloorx Vloq
  9386 | D        | Noticed Antaeus
  9388 | D        | Killed Antaeus
  9428 | D        | Got a glowing rune of Zot
  9432 | D        | Got a fiery rune of Zot
  9436 | D        | Got a bone rune of Zot
  9440 | D        | Got an iron rune of Zot
  9444 | D        | Got an obsidian rune of Zot
  9448 | D        | Got an icy rune of Zot
  9452 | D        | Got a dark rune of Zot
  9840 | D        | Got the Orb of Zot
 10057 | D        | Noticed Gesacsaf the pandemonium lord
 10058 | D        | Killed Gesacsaf the pandemonium lord
 10151 | D        | Got the ring "Cyliuzy" {Fire *Drain Int+4 Dex+3 Stlth+}
 10637 | D        | Reached XP level 24. HP: 204/204 MP: 44/54
 10755 | D        | Noticed Boris
 10756 | D        | Killed Boris
 11166 | D        | Bought a ration for 50 gold pieces
 11166 | D        | Bought a ration for 50 gold pieces
 11333 | D        | Noticed a seraph
 11337 | D        | Killed a seraph
 11503 | D        | Escaped with the Orb!

Illustrated notes

Levels and vault maps discovered:
D:        linesprint [early_d, line_temple, items_1, d_10, items_2, lair_1,
          lair_end, items_3, orc_1, orc_end, items_4, d_15, swamp_1, shoals_1,
          snake_1, spider_1, d_20, vaults_1, items_5, swamp_end, shoals_end,
          snake_end, spider_end, vaults_end, d_27, items_6, zot_1, zot_end,
          crypt_end, forest_end, elf_end, slime_end, tomb_end, abyss_end,
          pan_hell_end]

Skill      XL: |  1  2  3  4  5  6  7  8  9 10 11 12 13 14 15 16 17 18 19 20 21 22 |
---------------+-------------------------------------------------------------------+-----
Spellcasting   | 5 6 7 8 9 10 11 12 14 15 17 18 20 22 23 25 27 | 27.0
Invocations    | 1 2 4 6 7 9 10 11 13 14 16 17 19 21 23 25 26 27 | 27.0
Fighting       | 1 2 3 5 6 7 8 9 10 12 13 15 16 18 20 21 23 25 26 27 | 27.0
Short Blades   | 1 2 3 5 6 7 8 9 10 12 13 15 16 18 20 21 23 25 26 27 | 27.0
Long Blades    | 1 2 3 5 6 7 8 9 10 12 13 15 16 18 20 21 23 25 26 27 | 27.0
Axes           | 1 2 3 5 6 7 8 9 10 12 13 15 16 18 20 21 23 25 26 27 | 27.0
Maces & Flails | 1 2 3 5 6 7 8 9 10 12 13 15 16 18 20 21 23 25 26 27 | 27.0
Polearms       | 1 2 3 5 6 7 8 9 10 12 13 15 16 18 20 21 23 25 26 27 | 27.0
Staves         | 1 2 3 5 6 7 8 9 10 12 13 15 16 18 20 21 23 25 26 27 | 27.0
Slings         | 1 2 3 5 6 7 8 9 10 12 13 15 16 18 20 21 23 25 26 27 | 27.0
Bows           | 1 2 3 5 6 7 8 9 10 12 13 15 16 18 20 21 23 25 26 27 | 27.0
Crossbows      | 1 2 3 5 6 7 8 9 10 12 13 15 16 18 20 21 23 25 26 27 | 27.0
Throwing       | 1 2 3 5 6 7 8 9 10 12 13 15 16 18 20 21 23 25 26 27 | 27.0
Armour         | 1 2 3 5 6 7 8 9 10 12 13 15 16 18 20 21 23 25 26 27 | 27.0
Shields        | 1 2 3 5 6 7 8 9 10 12 13 15 16 18 20 21 23 25 26 27 | 27.0
Unarmed Combat | 1 2 3 5 6 7 8 9 10 12 13 15 16 18 20 21 23 25 26 27 | 27.0
Evocations     | 1 2 3 5 6 7 8 9 10 12 13 15 16 18 20 21 23 25 26 27 | 27.0
Conjurations   | 1 3 4 5 6 8 9 10 11 12 14 15 17 18 20 21 23 27 | 27.0
Hexes          | 1 3 4 5 6 8 9 10 11 12 14 15 17 18 20 21 23 27 | 27.0
Charms         | 1 3 4 5 6 8 9 10 11 12 14 15 17 18 20 21 23 27 | 27.0
Summonings     | 1 3 4 5 6 8 9 10 11 12 14 15 17 18 20 21 23 27 | 27.0
Necromancy     | 1 3 4 5 6 8 9 10 11 12 14 15 17 18 20 21 23 27 | 27.0
Translocations | 1 3 4 5 6 8 9 10 11 12 14 15 17 18 20 21 23 27 | 27.0
Transmutations | 1 3 4 5 6 8 9 10 11 12 14 15 17 18 20 21 23 27 | 27.0
Fire Magic     | 1 3 4 5 6 8 9 10 11 12 14 15 17 18 20 21 23 27 | 27.0
Air Magic      | 1 3 4 5 6 8 9 10 11 12 14 15 17 18 20 21 23 27 | 27.0
Earth Magic    | 1 3 4 5 6 8 9 10 11 12 14 15 17 18 20 21 23 27 | 27.0
Poison Magic   | 1 3 4 5 6 8 9 10 11 12 14 15 17 18 20 21 23 27 | 27.0
Dodging        | 5 6 7 8 9 10 11 12 14 15 17 18 20 22 23 25 27 | 27.0
Stealth        | 5 7 8 9 10 11 12 14 15 17 18 20 22 23 25 27 | 27.0
Ice Magic      | 8 9 10 11 12 13 14 15 16 18 19 21 22 24 27 | 27.0

Action                   |  1- 3 |  4- 6 |  7- 9 | 10-12 | 13-15 | 16-18 | 19-21 | 22-24 || total
-------------------------+-------+-------+-------+-------+-------+-------+-------+-------++-------
Melee: Unarmed           |     7 |       |       |       |       |       |       |       ||     7
       Bite              |     1 |       |     2 |       |     9 |     7 |     5 |    16 ||    40
       Scimitar          |       |       |     7 |    12 |    57 |    36 |    33 |     9 ||   154
       Halberd           |       |       |     1 |       |       |       |       |       ||     1
       Staff             |       |       |       |     1 |     4 |       |       |    25 ||    30
       Punch             |       |       |       |     1 |       |       |       |       ||     1
       Dagger            |       |       |       |       |    11 |     5 |     1 |     1 ||    18
       Demon blade       |       |       |       |       |       |       |    29 |    76 ||   105
Throw: Boomerang         |       |       |       |       |    43 |   174 |    38 |    26 ||   281
       Javelin           |       |       |       |       |    23 |    33 |    39 |     8 ||   103
 Cast: Freeze            |    13 |     2 |     1 |       |       |       |       |       ||    16
       Frozen Ramparts   |     1 |     2 |     6 |    26 |    22 |    18 |    13 |     1 ||    89
       Ozocubu's Armour  |       |     1 |     1 |     1 |       |       |       |       ||     3
       Summon Ice Beast  |       |       |     4 |    19 |    26 |    11 |       |       ||    60
       Hailstorm         |       |       |     4 |    30 |    30 |     4 |     1 |       ||    69
       Lightning Bolt    |       |       |       |    19 |    33 |    34 |     4 |       ||    90
       Fireball          |       |       |       |    26 |     1 |       |       |       ||    27
       Borgnjor's Vile C |       |       |       |       |    54 |    44 |    20 |    19 ||   137
       Irradiate         |       |       |       |       |     2 |       |       |       ||     2
       Freezing Cloud    |       |       |       |       |     3 |    13 |     2 |       ||    18
       Mephitic Cloud    |       |       |       |       |     1 |     2 |       |     2 ||     5
       Absolute Zero     |       |       |       |       |       |     7 |    25 |    48 ||    80
       Fire Storm        |       |       |       |       |       |       |    31 |    29 ||    60
       Blink             |       |       |       |       |       |       |     3 |   100 ||   103
       Conjure Flame     |       |       |       |       |       |       |       |     2 ||     2
       Shadow Creatures  |       |       |       |       |       |       |       |     1 ||     1
Evoke: Staff of energy   |       |       |    12 |   130 |   145 |    66 |    95 |    87 ||   535
       Wand              |       |       |       |       |     1 |     1 |       |       ||     2
  Use: Potion            |     1 |       |       |     1 |     6 |       |       |     1 ||     9
       Scroll            |       |       |     4 |     1 |     6 |     7 |       |     8 ||    26
 Stab: Confused          |       |       |       |       |     1 |       |       |     1 ||     2
       Invisible         |       |       |       |       |     4 |       |       |       ||     4
       Sleeping          |       |       |       |       |     2 |       |       |     1 ||     3
  Eat: Chunk             |       |       |     1 |     9 |    14 |     8 |    10 |     5 ||    47
       Ration            |       |       |       |       |     1 |       |       |     3 ||     4
Armor: Robe              |     3 |       |       |     2 |       |       |       |       ||     5
       Scale mail        |       |       |       |     5 |       |       |       |       ||     5
       Swamp dragon scal |       |       |       |    10 |    33 |     3 |     6 |       ||    52
       Plate armour      |       |       |       |       |    11 |     4 |    19 |     1 ||    35
       Gold dragon scale |       |       |       |       |       |       |       |    20 ||    20
Dodge: Dodged            |     9 |       |     7 |    11 |    85 |    22 |    41 |    10 ||   185
Block: Buckler           |       |       |       |     5 |    48 |    11 |    27 |    14 ||   105
       Rpst.: Scimitar   |       |       |     4 |     1 |     9 |       |     1 |       ||    15
       Demon blade       |       |       |       |       |       |       |     4 |     1 ||     5
